 Dungeon Crawl Stone Soup version 0.29.0-4-gdea44cf6ec (webtiles) character file.

Game seed: 5908908589817214874

8188 qw the Cleaver (level 11, -8/66 HPs)
             Began as a Tengu Warper on Aug 28, 2022.
             Was a Priest of Okawaru.
             Mangled by an efreet
             ... wielding a +4 scimitar of flaming
              (10 damage)
             ... on level 8 of the Dungeon.
             The game lasted 00:01:16 (9727 turns).

qw the Cleaver (Tengu Warper)                       Turns: 9727, Time: 00:01:16

Health: -8/66      AC: 19    Str: 22    XL:     11   Next: 27%
Magic:  14/15      EV: 14    Int: 14    God:    Okawaru [***...]
Gold:   355        SH: 11    Dex: 14    Spells: 14/14 levels left

rFire   + . .      SeeInvis .   Y - +0 war axe
rCold   . . .      Faith    .   k - +0 buckler
rNeg    . . .      Spirit   .   g - +2 chain mail {rF+}
rPois   +          Reflect  +   (helmet restricted)
rElec   .          Harm     .   (no cloak)
rCorr   .          Rampage  .   p - +0 pair of gloves {Str+3}
Will    .....                   (boots unavailable)
Stlth   ..........              q - amulet "Wiopuad" {Reflect Str+4 SH+5}
HPRegen 0.21/turn               o - ring of poison resistance
MPRegen 0.14/turn               l - +4 ring of protection

@: about to teleport, heroic, flying quickly and evasively, quick
A: beak, talons 3, nimble flight
a: Renounce Religion, Heroism


You were on level 8 of the Dungeon.
You worshipped Okawaru.
Okawaru was most pleased with you.
You visited 2 branches of the dungeon, and saw 9 of its levels.

You collected 520 gold pieces.
You spent 165 gold pieces at shops.


Innate Abilities, Weirdness & Mutations

You have a beak for a mouth.
You have claws for feet.
Your magical nature lets you fly swiftly and evasively.


   Skills:
 + Level 6.9(11.9) Fighting
 - Level 14.2(19.2) Axes
 - Level 1.0(6.0) Throwing
 - Level 5.0(10.0) Armour
 - Level 5.0(10.0) Dodging
 - Level 4.2(9.2) Shields
 - Level 2.0 Spellcasting
 - Level 2.4 Translocations
 - Level 4.0 Invocations


You had 14 spell levels left.
You didn't know any spells.
Your spell library contained the following spells:

 Spells                   Type           Power      Damage    Failure   Level
 Blink                    Tloc           16%        N/A       71%         2
 Gell's Gravitas          Tloc           8%         N/A       90%         3
 Lesser Beckoning         Tloc           8%         N/A       90%         3
 Teleport Other           Tloc           8%         N/A       90%         3
 Manifold Assault         Tloc           8%         N/A       100%        5

Inventory:

Hand Weapons
 f - a +2 morningstar of protection
 Y - a +0 war axe (weapon)
Missiles
 d - a boomerang (quivered)
Armour
 a - a +0 cloak
 g - a +2 chain mail of fire resistance (worn)
 k - a +0 buckler (worn)
 p - a +0 pair of gloves of strength (worn)
Jewellery
 c - a +6 ring of strength
 l - a +4 ring of protection (right hand)
 o - a ring of poison resistance (left hand)
 q - the amulet "Wiopuad" (around neck) {Reflect Str+4 SH+5}
   (You found it on level 3 of the Dungeon)

   [amulet of reflection]

   It reflects blocked missile attacks.
   Str:       It affects your strength (+4).
   SH:        It affects your SH (+5).
 s - a ring of protection from fire
 t - a ring of poison resistance
Scrolls
 h - 6 scrolls of teleportation
 m - a scroll of identify
Potions
 b - 2 potions of haste
 e - a potion of mutation
 i - a potion of curing
 j - a potion of might
 n - a potion of flight {unknown}
 r - a potion of degeneration {unknown}

Dungeon Overview and Level Annotations

Branches:
Dungeon (8/15)             Temple (1/1) D:6
   Lair: D:8-11

Altars:
Ashenzari
Cheibriados
Dithmenos
Elyvilon
Fedhas
Gozag
Hepliaklqana
Kikubaaqudgha
Makhleb
Nemelex Xobeh
Okawaru
Qazlal
Sif Muna
Uskayaw
Vehumet
Wu Jian
Xom
Yredelemnul
Zin
The Shining One

Shops:
D:5 ?   D:6 :

Annotations:
D:3 1 runed translucent door, Crazy Yiuf
D:6 1 runed translucent door, qw's ghost, novice TeWr


Message History

The efreet gestures at you.
The fireball explodes!
The fireball engulfs you! You resist.
The tree burns like a torch!
The fireball engulfs the efreet.
The efreet completely resists.
You hear a roar!
You hit the efreet.
The efreet is lightly wounded.
You are engulfed in blazing flames.
You resist.
You slash the efreet!
The efreet is moderately wounded.
You are engulfed in blazing flames.
You resist. The efreet gestures at you.
The fireball explodes!
The fireball engulfs you! You resist.
The fireball engulfs the efreet.
The efreet completely resists.
The forest fire spreads!
You hit the efreet but do no damage.
The efreet is moderately wounded.
You are engulfed in blazing flames.
You resist. You block the efreet's attack.
9724 ||| READING 7 scrolls of teleportation.
As you read the scroll of teleportation, it crumbles to dust.
You feel strangely unstable.
You are engulfed in blazing flames.
You resist. You block the efreet's attack.
You hit the efreet but do no damage. You claw the efreet, but do no damage.
You peck the efreet, but do no damage.
The efreet is moderately wounded.
You are engulfed in blazing flames.
You resist.
The forest fire spreads!
You barely miss the efreet. You claw the efreet.
You peck the efreet, but do no damage.
The efreet is moderately wounded.
You are engulfed in blazing flames.
You resist. The efreet gestures at you.
The fireball explodes!
The fireball engulfs you but does no damage.
The fireball engulfs the efreet.
The efreet completely resists.
You hit the efreet. You claw the efreet, but do no damage.
Your peck misses the efreet.
The efreet is heavily wounded.
You are engulfed in blazing flames.
You resist.
The efreet hits you with a +4 scimitar of flaming!
You die...

<.......).)...#77.77 77....%.....
..........##..#7...777.77..7.7777
......###.)#..#.......77..77.7
.......###....#7...7#77..777.7
..####.#......#77.77 7..77 7.7
..# #.....##..###.# #### ### .##
#.....##..#¤¤¤7 ##
#.....##..#¤¤¤77#777
#####.....##..#¤@¤¤......
..........>#..#¤¤R77#777.
##...##.......#77¤7
...########...###.### ###########
#### ##..#.7.7.777....7.7...
#..#7O7[777.~~~~~~~~~~ #..#
7.7...~~~~~~~~~~~
#..#7.7.777.~~~~~~~~~~
#####..#.7.7.777...)7.7...


You could see an efreet.

Vanquished Creatures
  A hydra (D:8)
  Erica (D:8)
  Pikel (D:5)
  A manticore (D:6)
  Maggie (D:6)
  2 hornets (D:8)
  Grinder (D:6)
  Sigmund (D:4)
  2 yaks (D:8)
  2 wyverns (D:8)
  A steam dragon (D:8)
  Menkaure (D:4)
  2 water moccasins
  An acid dragon (D:8)
  3 orc warriors (D:8)
  3 sky beasts (D:7)
  2 black bears
  3 ogres
  2 centaurs (D:8)
  A phantom (D:4)
  2 lemures (D:5)
  4 kobold brigands
  2 gnoll sergeants
  A bullfrog (D:7)
  A necrophage (D:6)
  4 scorpions
  7 wights
  6 killer bees (D:8)
  A howler monkey (D:8)
  A gnoll bouda (D:8)
  7 orc priests
  3 hounds
  Ijyb (D:4)
  3 iguanas
  11 orc wizards
  8 adders
  17 gnolls
  2 shadow imps
  A worm (D:3)
  3 dart slugs
  39 orcs
  6 endoplasms
  4 giant cockroaches
  9 hobgoblins
  7 jackals
  A quokka (D:3)
  3 ball pythons
  A bat (D:1)
  5 frilled lizards
  5 goblins
  18 kobolds
  9 rats
224 creatures vanquished.

Vanquished Creatures (others)
  Maurice (D:8)
1 creature vanquished.

Grand Total: 225 creatures vanquished

Notes
Turn   | Place    | Note
-------+----------+-------------------------------------------
     0 | D:1      | qw the Tengu Warper began the quest for the Orb.
     0 | D:1      | Reached XP level 1. HP: 12/12 MP: 4/4
     0 | D:1      | 0 ||| qw: Version: 0.1-a-89-g26bdef1
     0 | D:1      | 0 ||| qw: Game counter: 1448
     0 | D:1      | 0 ||| qw: Always use a shield: true
     0 | D:1      | 0 ||| qw: God list: Okawaru
     0 | D:1      | 0 ||| qw: Allow faded altars: false
     0 | D:1      | 0 ||| qw: Do Orc after D:15 true
     0 | D:1      | 0 ||| qw: Do second Lair branch before Depths: true
     0 | D:1      | 0 ||| qw: Lair rune preference: random
     0 | D:1      | 0 ||| qw: Plans: Normal
     0 | D:1      | 0 ||| PLANNING D:1-11
   242 | D:1      | Reached skill level 3 in Axes
   242 | D:1      | Reached XP level 2. HP: 16/17 MP: 6/6
   919 | D:1      | 919 ||| Stepping ~*~*~tactically~*~*~ (stealth).
   931 | D:1      | Reached XP level 3. HP: 20/20 MP: 7/7
   943 | D:1      | 943 ||| UPGRADING to +0 ring mail.
   953 | D:1      | 953 ||| DROPPING +0 leather armour.
   954 | D:1      | 954 ||| UPGRADING to +4 ring of protection.
   955 | D:1      | 955 ||| READING scroll labelled ATAOLI DUSTRE.
   956 | D:1      | 956 ||| READING scroll labelled RISEPY UXTARENN.
   957 | D:1      | 957 ||| READING 3 scrolls labelled FUS BOMALAAM.
   962 | D:1      | 962 ||| READING scroll labelled MOUDAU KASK.
   963 | D:1      | 963 ||| READING scroll labelled YNWIYNG FOMM.
   964 | D:1      | 964 ||| READING scroll labelled XUCOMI BEQIYM.
   965 | D:1      | 965 ||| DROPPING scroll of blinking.
   966 | D:1      | 966 ||| READING 2 scrolls of teleportation.
   986 | D:2      | Found a faded altar of an unknown god.
  1066 | D:2      | 1066 ||| Stepping ~*~*~tactically~*~*~ (hiding).
  1168 | D:2      | 1168 ||| Stepping ~*~*~tactically~*~*~ (stealth).
  1178 | D:2      | Reached skill level 4 in Axes
  1200 | D:2      | Found an opulent altar of Gozag.
  1319 | D:2      | 1319 ||| DROPPING +0 club.
  1810 | D:2      | Reached XP level 4. HP: 26/26 MP: 8/8
  1931 | D:2      | 1931 ||| UPGRADING to +0 scale mail.
  1941 | D:2      | 1941 ||| DROPPING +0 ring mail.
  1942 | D:2      | 1942 ||| UPGRADING to amulet of guardian spirit.
  1947 | D:2      | 1947 ||| UPGRADING to ring of resist corrosion.
  1948 | D:2      | 1948 ||| UPGRADING to +6 ring of strength.
  1950 | D:2      | 1950 ||| DROPPING ring of resist corrosion.
  1968 | D:3      | 1968 ||| STAIRDANCE
  1974 | D:3      | 1974 ||| STAIRDANCE
  1995 | D:3      | 1995 ||| Stepping ~*~*~tactically~*~*~ (stealth).
  1996 | D:3      | 1996 ||| Stepping ~*~*~tactically~*~*~ (stealth).
  2224 | D:3      | Found a runed translucent door.
  2225 | D:3      | Noticed Crazy Yiuf
  2338 | D:3      | Found an ancient bone altar of Kikubaaqudgha.
  2381 | D:3      | Identified the amulet "Wiopuad" {Reflect Str+4 SH+5}
  2553 | D:3      | Reached skill level 5 in Axes
  2805 | D:3      | 2805 ||| UPGRADING to +0 pair of gloves of strength.
  2810 | D:3      | 2810 ||| UPGRADING to amulet "Wiopuad" {Reflect Str+4
                  | SH+5}.
  2820 | D:3      | 2820 ||| DROPPING amulet of guardian spirit.
  2821 | D:3      | 2821 ||| READING scroll labelled KUMAON KUTEL.
  3053 | D:4      | 3053 ||| Stepping ~*~*~tactically~*~*~ (hiding).
  3059 | D:4      | Gained mutation: Your magical nature lets you fly swiftly
                  | and evasively. [Tengu growth]
  3059 | D:4      | Reached XP level 5. HP: 30/30 MP: 9/9
  3069 | D:4      | Reached skill level 6 in Axes
  3084 | D:4      | 3084 ||| FLEEEEING.
  3176 | D:4      | Noticed Ijyb
  3177 | D:4      | Paralysed by Ijyb for 3 turns
  3186 | D:4      | Paralysed by Ijyb for 5 turns
  3198 | D:4      | Killed Ijyb
  3221 | D:4      | 3221 ||| Stepping ~*~*~tactically~*~*~ (stealth).
  3223 | D:4      | 3223 ||| Stepping ~*~*~tactically~*~*~ (hiding).
  3224 | D:4      | 3224 ||| Stepping ~*~*~tactically~*~*~ (hiding).
  3242 | D:4      | Reached XP level 6. HP: 27/35 MP: 10/10
  3270 | D:4      | 3270 ||| Stepping ~*~*~tactically~*~*~ (stealth).
  3328 | D:4      | 3328 ||| Stepping ~*~*~tactically~*~*~ (stealth).
  3349 | D:4      | Reached skill level 7 in Axes
  3462 | D:4      | 3462 ||| Stepping ~*~*~tactically~*~*~ (stealth).
  3465 | D:4      | 3465 ||| Stepping ~*~*~tactically~*~*~ (stealth).
  3467 | D:4      | 3467 ||| Stepping ~*~*~tactically~*~*~ (stealth).
  3468 | D:4      | 3468 ||| Stepping ~*~*~tactically~*~*~ (stealth).
  3516 | D:4      | 3516 ||| Stepping ~*~*~tactically~*~*~ (stealth).
  3535 | D:4      | Reached skill level 3 in Fighting
  3611 | D:4      | Noticed Menkaure
  3620 | D:4      | Killed Menkaure
  3621 | D:4      | Reached XP level 7. HP: 21/42 MP: 11/11
  3873 | D:4      | Identified the +0 leather armour of the Evening {rElec MP+9
                  | SInv}
  3938 | D:4      | 3938 ||| Stepping ~*~*~tactically~*~*~ (stealth).
  3955 | D:4      | 3955 ||| DROPPING +0 whip.
  3974 | D:4      | Reached skill level 8 in Axes
  4106 | D:4      | Found a basalt altar of Yredelemnul.
  4176 | D:4      | Noticed Sigmund
  4177 | D:4      | 4177 ||| Stepping ~*~*~tactically~*~*~ (hiding).
  4180 | D:4      | 4180 ||| Stepping ~*~*~tactically~*~*~ (hiding).
  4195 | D:4      | Killed Sigmund
  4196 | D:4      | Reached skill level 3 in Armour
  4309 | D:4      | 4309 ||| UPGRADING to +2 scale mail of cold resistance.
  4319 | D:4      | 4319 ||| DROPPING +0 scale mail.
  4320 | D:4      | 4320 ||| READING scroll labelled TIENNI NOUTH.
  4321 | D:4      | 4321 ||| READING scroll labelled USMYIPT OFFAFF.
  4341 | D:5      | Entered Level 5 of the Dungeon
  4368 | D:5      | Reached skill level 3 in Dodging
  4368 | D:5      | Reached XP level 8. HP: 41/48 MP: 12/12
  4461 | D:5      | 4461 ||| Stepping ~*~*~tactically~*~*~ (hiding).
  4472 | D:5      | 4472 ||| Stepping ~*~*~tactically~*~*~ (hiding).
  4521 | D:5      | Found a radiant altar of Vehumet.
  4555 | D:5      | Reached skill level 9 in Axes
  4877 | D:5      | Noticed Pikel
  4878 | D:5      | 4878 ||| FLEEEEING.
  4879 | D:5      | 4879 ||| FLEEEEING.
  4881 | D:5      | 4881 ||| FLEEEEING.
  4882 | D:5      | 4882 ||| FLEEEEING.
  4888 | D:5      | 4888 ||| FLEEEEING.
  4889 | D:5      | 4889 ||| FLEEEEING.
  4890 | D:5      | 4890 ||| FLEEEEING.
  4891 | D:5      | 4891 ||| FLEEEEING.
  4892 | D:5      | 4892 ||| FLEEEEING.
  4907 | D:5      | 4907 ||| FLEEEEING.
  4911 | D:5      | 4911 ||| FLEEEEING.
  4912 | D:5      | 4912 ||| FLEEEEING.
  4913 | D:5      | 4913 ||| FLEEEEING.
  4914 | D:5      | 4914 ||| FLEEEEING.
  4915 | D:5      | 4915 ||| FLEEEEING.
  4916 | D:5      | 4916 ||| FLEEEEING.
  4917 | D:5      | 4917 ||| FLEEEEING.
  4918 | D:5      | 4918 ||| FLEEEEING.
  4919 | D:5      | 4919 ||| FLEEEEING.
  4920 | D:5      | 4920 ||| FLEEEEING.
  4923 | D:5      | 4923 ||| FLEEEEING.
  4927 | D:5      | 4927 ||| FLEEEEING.
  4928 | D:5      | 4928 ||| FLEEEEING.
  4933 | D:5      | 4933 ||| FLEEEEING.
  4941 | D:5      | 4941 ||| FLEEEEING.
  4942 | D:5      | 4942 ||| FLEEEEING.
  4943 | D:5      | 4943 ||| FLEEEEING.
  4944 | D:5      | 4944 ||| FLEEEEING.
  4945 | D:5      | 4945 ||| FLEEEEING.
  4946 | D:5      | 4946 ||| FLEEEEING.
  4947 | D:5      | 4947 ||| FLEEEEING.
  4962 | D:5      | 4962 ||| FLEEEEING.
  4980 | D:5      | Killed Pikel
  4981 | D:5      | Reached skill level 11 in Axes
  4981 | D:5      | Reached XP level 9. HP: 43/52 MP: 13/13
  5277 | D:5      | Found Hih Tehe's Magic Scroll Shoppe.
  5285 | D:5      | 5285 ||| BUYING scroll of identify (22 gold).
  5285 | D:5      | Bought a scroll of identify for 22 gold pieces
  5285 | D:5      | 5285 ||| BUYING scroll of identify (22 gold).
  5285 | D:5      | Bought a scroll of identify for 22 gold pieces
  5285 | D:5      | 5285 ||| BUYING scroll of identify (22 gold).
  5285 | D:5      | Bought a scroll of identify for 22 gold pieces
  5285 | D:5      | 5285 ||| BUYING scroll of teleportation (33 gold).
  5285 | D:5      | Bought a scroll of teleportation for 33 gold pieces
  5285 | D:5      | 5285 ||| BUYING scroll of teleportation (33 gold).
  5285 | D:5      | Bought a scroll of teleportation for 33 gold pieces
  5285 | D:5      | 5285 ||| BUYING scroll of teleportation (33 gold).
  5285 | D:5      | Bought a scroll of teleportation for 33 gold pieces
  5448 | D:5      | 5448 ||| DROPPING ring of magical power.
  5449 | D:5      | 5449 ||| READING scroll labelled PIOFUK ATERA.
  5450 | D:5      | 5450 ||| READING 5 scrolls of identify.
  5450 | D:5      | 5450 ||| IDENTIFYING fuming amethyst potion
  5451 | D:5      | 5451 ||| READING 4 scrolls of identify.
  5451 | D:5      | 5451 ||| IDENTIFYING brown potion
  5452 | D:5      | 5452 ||| READING 3 scrolls of identify.
  5452 | D:5      | 5452 ||| IDENTIFYING yellow potion
  5453 | D:5      | 5453 ||| READING 2 scrolls of identify.
  5453 | D:5      | 5453 ||| IDENTIFYING white potion
  5454 | D:5      | 5454 ||| DROPPING potion of attraction.
  5556 | D:6      | Noticed Grinder
  5557 | D:6      | 5557 ||| Stepping ~*~*~tactically~*~*~ (hiding).
  5572 | D:6      | Killed Grinder
  5596 | D:6      | 5596 ||| Stepping ~*~*~tactically~*~*~ (stealth).
  5598 | D:6      | 5598 ||| Stepping ~*~*~tactically~*~*~ (stealth).
  5639 | D:6      | Found a staircase to the Ecumenical Temple.
  5640 | D:6      | 5640 ||| PLANNING TEMPLE
  5640 | D:6      | 5640 ||| DROPPING +0 chain mail.
  5641 | D:6      | 5641 ||| UPGRADING to +2 chain mail of fire resistance.
  5651 | D:6      | 5651 ||| DROPPING +2 scale mail of cold resistance.
  5652 | D:6      | 5652 ||| READING 2 scrolls of identify.
  5652 | D:6      | 5652 ||| IDENTIFYING grey potion
  5658 | Temple   | Entered the Ecumenical Temple
  5761 | Temple   | Became a worshipper of Warmaster Okawaru
  5965 | Temple   | 5965 ||| PLANNING D:1-11
  6135 | D:6      | Found a runed translucent door.
  6146 | D:6      | Noticed Maggie
  6147 | D:6      | 6147 ||| Stepping ~*~*~tactically~*~*~ (hiding).
  6148 | D:6      | 6148 ||| Stepping ~*~*~tactically~*~*~ (hiding).
  6149 | D:6      | 6149 ||| Stepping ~*~*~tactically~*~*~ (hiding).
  6162 | D:6      | Killed Maggie
  6167 | D:6      | Reached * piety under Okawaru
  6192 | D:6      | 6192 ||| READING scroll of enchant weapon.
  6192 | D:6      | 6192 ||| ENCHANTING +1 hand axe of protection.
  6201 | D:6      | 6201 ||| INVOKING Heroism.
  6263 | D:6      | Noticed qw's ghost (novice TeWr)
  6265 | D:6      | 6265 ||| Stepping ~*~*~tactically~*~*~ (stealth).
  6268 | D:6      | 6268 ||| Stepping ~*~*~tactically~*~*~ (stealth).
  6325 | D:6      | 6325 ||| Stepping ~*~*~tactically~*~*~ (stealth).
  6327 | D:6      | 6327 ||| Stepping ~*~*~tactically~*~*~ (hiding).
  6335 | D:6      | 6335 ||| INVOKING Heroism.
  6340 | D:6      | Reached skill level 1 in Invocations
  6407 | D:6      | Found Itunacw's Book Boutique.
  6540 | D:6      | 6540 ||| INVOKING Heroism.
  6632 | D:6      | Noticed a manticore
  6633 | D:6      | 6633 ||| Stepping ~*~*~tactically~*~*~ (hiding).
  6637 | D:6      | 6637 ||| INVOKING Heroism.
  6647 | D:6      | Killed a manticore
  6648 | D:6      | Reached skill level 3 in Invocations
  6648 | D:6      | Reached XP level 10. HP: 39/59 MP: 11/14
  6954 | D:6      | 6954 ||| READING scroll labelled EREZOV UDE.
  7015 | D:7      | Reached skill level 12 in Axes
  7098 | D:7      | 7098 ||| Stepping ~*~*~tactically~*~*~ (hiding).
  7221 | D:7      | 7221 ||| SWAPPING to +0 war axe.
  7222 | D:7      | 7222 ||| DROPPING +2 hand axe of protection.
  7313 | D:7      | 7313 ||| FLEEEEING.
  7377 | D:7      | 7377 ||| INVOKING Heroism.
  7446 | D:7      | Reached ** piety under Okawaru
  7447 | D:7      | Reached skill level 6 in Fighting
  7474 | D:7      | 7474 ||| Stepping ~*~*~tactically~*~*~ (hiding).
  7766 | D:7      | 7766 ||| UPGRADING to ring of poison resistance.
  7768 | D:7      | 7768 ||| UPGRADING to +4 ring of protection.
  7770 | D:7      | 7770 ||| READING scroll labelled WOX ZEOBASAUC XEA.
  7771 | D:7      | 7771 ||| READING scroll labelled BOICIS WUOMAKA.
  7772 | D:7      | 7772 ||| READING 3 scrolls of identify.
  7772 | D:7      | 7772 ||| IDENTIFYING orange potion
  7773 | D:7      | 7773 ||| READING 2 scrolls of identify.
  7773 | D:7      | 7773 ||| IDENTIFYING golden potion
  7774 | D:7      | 7774 ||| DROPPING potion of brilliance.
  7790 | D:8      | 7790 ||| STAIRDANCE
  7856 | D:8      | 7856 ||| Stepping ~*~*~tactically~*~*~ (hiding).
  7861 | D:8      | 7861 ||| Stepping ~*~*~tactically~*~*~ (hiding).
  7966 | D:8      | Found a snail-covered altar of Cheibriados.
  8010 | D:8      | 8010 ||| INVOKING Heroism.
  8070 | D:8      | 8070 ||| Stepping ~*~*~tactically~*~*~ (stealth).
  8205 | D:8      | 8205 ||| Stepping ~*~*~tactically~*~*~ (stealth).
  8210 | D:8      | 8210 ||| Stepping ~*~*~tactically~*~*~ (stealth).
  8221 | D:8      | 8221 ||| Stepping ~*~*~tactically~*~*~ (stealth).
  8226 | D:8      | 8226 ||| DROPPING +0 flail.
  8230 | D:8      | 8230 ||| Stepping ~*~*~tactically~*~*~ (hiding).
  8233 | D:8      | 8233 ||| Stepping ~*~*~tactically~*~*~ (hiding).
  8234 | D:8      | 8234 ||| Stepping ~*~*~tactically~*~*~ (hiding).
  8237 | D:8      | 8237 ||| INVOKING Heroism.
  8259 | D:8      | 8259 ||| Stepping ~*~*~tactically~*~*~ (stealth).
  8260 | D:8      | 8260 ||| Stepping ~*~*~tactically~*~*~ (stealth).
  8262 | D:8      | 8262 ||| Stepping ~*~*~tactically~*~*~ (stealth).
  8265 | D:8      | 8265 ||| Stepping ~*~*~tactically~*~*~ (stealth).
  8273 | D:8      | 8273 ||| INVOKING Heroism.
  8395 | D:8      | 8395 ||| INVOKING Heroism.
  8441 | D:8      | 8441 ||| Stepping ~*~*~tactically~*~*~ (hiding).
  8445 | D:8      | 8445 ||| INVOKING Heroism.
  8447 | D:8      | 8447 ||| Stepping ~*~*~tactically~*~*~ (stealth).
  8584 | D:8      | 8584 ||| Stepping ~*~*~tactically~*~*~ (hiding).
  8586 | D:8      | 8586 ||| Stepping ~*~*~tactically~*~*~ (hiding).
  8587 | D:8      | 8587 ||| Stepping ~*~*~tactically~*~*~ (hiding).
  8600 | D:8      | Reached skill level 13 in Axes
  8607 | D:8      | 8607 ||| INVOKING Heroism.
  8630 | D:8      | 8630 ||| FLEEEEING.
  8635 | D:8      | 8635 ||| STAIRDANCE
  8715 | D:8      | 8715 ||| Stepping ~*~*~tactically~*~*~ (stealth).
  8716 | D:8      | 8716 ||| INVOKING Heroism.
  8737 | D:8      | 8737 ||| Stepping ~*~*~tactically~*~*~ (hiding).
  8753 | D:8      | 8753 ||| Stepping ~*~*~tactically~*~*~ (stealth).
  8758 | D:8      | 8758 ||| INVOKING Heroism.
  8765 | D:8      | 8765 ||| Stepping ~*~*~tactically~*~*~ (stealth).
  8790 | D:8      | 8790 ||| INVOKING Heroism.
  8825 | D:8      | Noticed a two-headed ogre
  8826 | D:8      | 8826 ||| INVOKING Heroism.
  8828 | D:8      | HP: 7/60 [two-headed ogre/+0 giant club (19)]
  8829 | D:8      | 8829 ||| READING 8 scrolls of teleportation.
  8830 | D:8      | 8830 ||| DRINKING potion of heal wounds.
  8831 | D:8      | HP: 3/60 [two-headed ogre/+0 giant club (10)]
  8877 | D:8      | 8877 ||| INVOKING Heroism.
  8879 | D:8      | 8879 ||| FLEEEEING.
  8880 | D:8      | 8880 ||| FLEEEEING.
  8881 | D:8      | 8881 ||| FLEEEEING.
  8882 | D:8      | 8882 ||| FLEEEEING.
  8883 | D:8      | 8883 ||| FLEEEEING.
  8884 | D:8      | 8884 ||| FLEEEEING.
  8887 | D:8      | 8887 ||| FLEEEEING.
  8888 | D:8      | 8888 ||| FLEEEEING.
  8889 | D:8      | 8889 ||| FLEEEEING.
  8890 | D:8      | 8890 ||| FLEEEEING.
  8891 | D:8      | 8891 ||| FLEEEEING.
  8892 | D:8      | 8892 ||| FLEEEEING.
  8893 | D:8      | 8893 ||| FLEEEEING.
  8894 | D:8      | 8894 ||| FLEEEEING.
  8895 | D:8      | 8895 ||| FLEEEEING.
  8896 | D:8      | 8896 ||| FLEEEEING.
  9050 | D:8      | 9050 ||| FLEEEEING.
  9055 | D:8      | 9055 ||| FLEEEEING.
  9056 | D:8      | 9056 ||| FLEEEEING.
  9058 | D:8      | 9058 ||| FLEEEEING.
  9059 | D:8      | 9059 ||| FLEEEEING.
  9060 | D:8      | 9060 ||| FLEEEEING.
  9061 | D:8      | 9061 ||| FLEEEEING.
  9062 | D:8      | 9062 ||| STAIRDANCE
  9118 | D:7      | 9118 ||| UPGRADING to +0 buckler.
  9125 | D:8      | 9125 ||| STAIRDANCE
  9138 | D:8      | Noticed Erica
  9140 | D:8      | 9140 ||| Stepping ~*~*~tactically~*~*~ (hiding).
  9143 | D:8      | 9143 ||| INVOKING Heroism.
  9152 | D:8      | Killed Erica
  9153 | D:8      | Reached skill level 3 in Shields
  9185 | D:8      | Noticed Maurice
  9186 | D:8      | 9186 ||| Stepping ~*~*~tactically~*~*~ (stealth).
  9188 | D:8      | 9188 ||| Stepping ~*~*~tactically~*~*~ (hiding).
  9192 | D:8      | 9192 ||| Stepping ~*~*~tactically~*~*~ (hiding).
  9194 | D:8      | 9194 ||| Stepping ~*~*~tactically~*~*~ (hiding).
  9219 | D:8      | Killed Maurice
  9220 | D:8      | Reached XP level 11. HP: 39/64 MP: 15/15
  9232 | D:8      | 9232 ||| FLEEEEING.
  9233 | D:8      | 9233 ||| FLEEEEING.
  9234 | D:8      | 9234 ||| FLEEEEING.
  9235 | D:8      | 9235 ||| FLEEEEING.
  9236 | D:8      | 9236 ||| FLEEEEING.
  9237 | D:8      | 9237 ||| FLEEEEING.
  9238 | D:8      | 9238 ||| STAIRDANCE
  9345 | D:8      | Noticed a six-headed hydra
  9346 | D:8      | 9346 ||| INVOKING Heroism.
  9350 | D:8      | 9350 ||| SWAPPING to +2 morningstar of protection.
  9361 | D:8      | Killed a six-headed hydra
  9362 | D:8      | Reached skill level 14 in Axes
  9362 | D:8      | 9362 ||| SWAPPING to +0 war axe.
  9369 | D:8      | 9369 ||| Stepping ~*~*~tactically~*~*~ (stealth).
  9371 | D:8      | 9371 ||| Stepping ~*~*~tactically~*~*~ (stealth).
  9373 | D:8      | 9373 ||| Stepping ~*~*~tactically~*~*~ (stealth).
  9374 | D:8      | 9374 ||| INVOKING Heroism.
  9420 | D:8      | 9420 ||| FLEEEEING.
  9421 | D:8      | 9421 ||| FLEEEEING.
  9422 | D:8      | 9422 ||| FLEEEEING.
  9423 | D:8      | 9423 ||| FLEEEEING.
  9424 | D:8      | 9424 ||| STAIRDANCE
  9579 | D:8      | Reached *** piety under Okawaru
  9582 | D:8      | 9582 ||| INVOKING Heroism.
  9600 | D:8      | 9600 ||| Stepping ~*~*~tactically~*~*~ (stealth).
  9707 | D:8      | 9707 ||| Stepping ~*~*~tactically~*~*~ (stealth).
  9709 | D:8      | 9709 ||| Stepping ~*~*~tactically~*~*~ (hiding).
  9713 | D:8      | 9713 ||| INVOKING Heroism.
  9715 | D:8      | 9715 ||| Stepping ~*~*~tactically~*~*~ (hiding).
  9723 | D:8      | HP: 14/66 [efreet] (6)]
  9724 | D:8      | 9724 ||| READING 7 scrolls of teleportation.
  9726 | D:8      | HP: 5/66 [efreet] (5)]
  9727 | D:8      | HP: 2/66 [efreet] (3)]
  9727 | D:8      | Mangled by an efreet

Levels and vault maps discovered:
D:1:      reono_arrival_forest_river, layout_loops_ring
D:2:      layout_loops_corners, nicolae_ecumenical_pavilion, basic_altar,
          minmay_fractal_squares_gapless_5
D:3:      layout_loops_ring, marbit_many_paths, uniq_crazy_yiuf_cottage
D:4:      layout_loops_ring, kennysheep_little_box, chequers_mini_garden,
          kennysheep_generic_room_7, uniq_ijyb, uniq_sigmund, uniq_menkaure
D:5:      layout_basic, mainiacjoe_overflow_chevrons, serial_shops,
          shop_scrolls, uniq_pikel
D:6:      layout_gridville, temple_green, ebering_ghost_sewer_d, serial_shops,
          shop, uniq_maggie, uniq_grinder
D:7:      layout_basic, minmay_statues_item
D:8:      nzn_winding_woodlands_medium [nzn_winding_woodlands_5x5_three,
          nzn_winding_woodlands_5x15_river_crossing,
          nzn_winding_woodlands_5x5_checkerboard,
          nzn_winding_woodlands_5x5_perimeter,
          nzn_winding_woodlands_center_pierced_h,
          nzn_winding_woodlands_5x5_cross, nzn_winding_woodlands_hourglass,
          nzn_winding_woodlands_5x15_pockets,
          nzn_winding_woodlands_5x5_default], layout_rooms,
          kennysheep_slug_shrine, kennysheep_generic_room_10, uniq_maurice,
          uniq_erica
Temple:   compressed_dpeg_triangle_lava_temple

Skill      XL: |  1  2  3  4  5  6  7  8  9 10 11 |
---------------+----------------------------------+-----
Axes           | 3 4 5 6 7 8 11 13 14 | 14.2
Fighting       | 3 4 5 6 |  6.9
Armour         | 3 5 |  5.0
Dodging        | 3 4 5 |  5.0
Invocations    | 3 4 |  4.0
Shields        | 4 |  4.2
Throwing       | |  1.0
Spellcasting   | |  2.0
Translocations | |  2.4

Action                   |  1- 3 |  4- 6 |  7- 9 | 10-12 || total
-------------------------+-------+-------+-------+-------++-------
Melee: Hand axe          |    70 |   119 |   224 |    17 ||   430
       Kick              |    13 |    31 |    72 |    84 ||   200
       Peck              |     5 |    18 |    36 |    49 ||   108
       Punch             |       |     1 |     3 |     2 ||     6
       War axe           |       |       |       |   220 ||   220
       Morningstar       |       |       |       |     9 ||     9
Throw: Boomerang         |     7 |       |    20 |    33 ||    60
Invok: Heroism           |       |       |     4 |    17 ||    21
  Use: Scroll            |     7 |     1 |     9 |     7 ||    24
       Potion            |       |       |       |     1 ||     1
 Stab: Distracted        |       |       |       |     1 ||     1
Armor: Leather armour    |     4 |       |       |       ||     4
       Ring mail         |     8 |       |       |       ||     8
       Scale mail        |       |    35 |    48 |       ||    83
       Chain mail        |       |       |    33 |    86 ||   119
Dodge: Dodged            |    32 |    49 |    92 |    97 ||   270
Block: Other             |       |     9 |    33 |    24 ||    66
       Reflection        |       |       |     2 |     1 ||     3
       Buckler           |       |       |       |    40 ||    40

Table legend:
 A = Non-vault XP
 B = Vault XP
 C = Vault XP percentage of total XP
 D = Non-vault monster count
 E = Vault monster count
 F = Vault count percentage of total count
                 A         B        C        D         E       F
            +---------+---------+-------+---------+---------+-------
      Total |    5798 |    5900 |  50.4 |     187 |      36 |  16.1
            +---------+---------+-------+---------+---------+-------
        D:1 |      34 |       0 |   0.0 |      23 |       0 |   0.0
        D:2 |      46 |       7 |  13.2 |      14 |       3 |  17.6
        D:3 |      67 |       2 |   2.9 |      14 |       1 |   6.7
        D:4 |     458 |     478 |  51.1 |      21 |       6 |  22.2
        D:5 |     735 |     673 |  47.8 |      25 |       1 |   3.8
        D:6 |    1506 |     662 |  30.5 |      37 |       2 |   5.1
        D:7 |    1042 |       3 |   0.3 |      16 |       1 |   5.9
        D:8 |    1910 |    4075 |  68.1 |      37 |      22 |  37.3
            +---------+---------+-------+---------+---------+-------
